 Dungeon Crawl Stone Soup version 0.28.0-53-g5a82cb258f (webtiles) character file.

Game seed: 13193560917418603494

1197 KamiKatze the Conjurer (level 8, 0/46 HPs)
             Began as an Octopode Conjurer on May 23, 2022.
             Killed by miscasting Fulminant Prism (8 damage)
             ... on level 6 of the Dungeon.
             The game lasted 00:26:30 (7224 turns).

KamiKatze the Conjurer (Octopode Conjurer)          Turns: 7224, Time: 00:26:30

Health: 0/46       AC:  1    Str:  7    XL:     8   Next: 44%
Magic:  7/15       EV: 13    Int: 22    God:
Gold:   313        SH:  0    Dex: 10    Spells: 5/16 levels left

rFire   + . .      SeeInvis .   g - +0 whip (freeze)
rCold   . . .      Faith    .   (no shield)
rNeg    . . .      Spirit   .   (helmet restricted)
rPois   +          Reflect  .   (no amulet)
rElec   .          Harm     .   k - ring of poison resistance
rCorr   .          Rampage  .   n - ring of protection from fire
Will    .....                   (no ring)
Stlth   +++.......              (no ring)
HPRegen 0.15/turn               (no ring)
MPRegen 0.14/turn               (no ring)
                                (no ring)
                                (no ring)

@: very slightly contaminated
A: almost no armour, amphibious, 8 rings, camouflage 1, gelatinous body 1,
(nimble swimmer 1), tentacles
a: no special abilities


You were on level 6 of the Dungeon.
You visited 1 branch of the dungeon, and saw 6 of its levels.

You collected 313 gold pieces.

Inventory:

Hand Weapons
 b - a +0 dagger
 c - a +0 short sword
 g - a +0 whip of freezing (weapon)
 p - a +2 dagger of venom
Missiles
 a - 269 stones
 e - 8 poisoned darts (quivered)
Armour
 u - a +0 buckler
Jewellery
 k - a ring of poison resistance (left tentacle)
 n - a ring of protection from fire (right tentacle)
Wands
 A - a wand of paralysis (6)
Scrolls
 d - a scroll of magic mapping {unknown}
 h - 4 scrolls of immolation {unknown}
 l - a scroll of identify {unknown}
 o - 2 scrolls of teleportation
 q - a scroll of vulnerability {unknown}
 s - 2 scrolls of blinking {unknown}
 t - 2 scrolls of enchant weapon {unknown}
 w - a scroll of noise {unknown}
 y - a scroll of fog {unknown}
 z - a scroll of fear {unknown}
Potions
 f - a potion of curing {unknown}
 i - a potion of magic {unknown}
 j - a potion of resistance {unknown}
 m - a potion of haste {unknown}
 r - 3 potions of lignification {unknown}
 v - 2 potions of brilliance {unknown}
 x - 3 potions of heal wounds {unknown}


   Skills:
 - Level 3.0 Dodging
 - Level 3.0 Stealth
 * Level 4.7 Spellcasting
 * Level 6.1 Conjurations
 * Level 4.5 Hexes
 * Level 4.5 Translocations


You had 5 spell levels left.
You knew the following spells:

 Your Spells              Type           Power      Damage    Failure   Level
a - Magic Dart            Conj           100%       1d8       1%          1
b - Searing Ray           Conj           64%        2d6       1%          2
c - Fulminant Prism       Conj/Hex       14%        3d9       12%         4
d - Iskenderun's Mystic   Conj/Tloc      28%        2d7       12%         4

Your spell library contained the following spells:

 Spells                   Type           Power      Damage    Failure   Level
 Dazzling Flash           Conj/Hex       56%        N/A       3%          3
 Stone Arrow              Conj/Erth      36%        3d9       9%          3
 Lehudib's Crystal Spear  Conj/Erth      9%         10d4      100%        8
 Animate Armour           Summ/Erth      Unusable   N/A       N/A         4

Dungeon Overview and Level Annotations

Branches:
Dungeon (6/15)
 Temple: D:4-7

Altars:

Shops:
D:3 [

Annotations:
D:4 1 runed translucent door, exclusion: door, maxonian's ghost, amateur OpCj


Innate Abilities, Weirdness & Mutations

You cannot wear most types of armour.
You are amphibious.
You can wear up to eight rings at the same time.
Your skin changes colour to match your surroundings (Stealth+).
Your rubbery body absorbs attacks. (AC +1, EV +1)
((You are camouflaged when in or above water. (Stealth+)))
You have tentacles for arms and can constrict up to eight enemies at once.


Message History

The blast of energy engulfs the wight!
The wight is almost destroyed.
You hear a shout!
Unknown command.
Casting: Fulminant Prism (quite dangerous; 12% risk of failure)
Confirm with . or Enter, or press ? or * to list all spells.
Aiming: Magic Dart (safe; 1% risk of failure)
Press: ? - help, Shift-Dir - straight line, f - wight
Aim: a wight, wielding a +1 spear and wearing a +0 robe (almost destroyed, 100% to hit)
The magic dart hits the wight.
You destroy the wight!
Unknown command.
You start resting.
A cyclops is nearby!
Casting: Magic Dart (safe; 1% risk of failure)
Confirm with . or Enter, or press ? or * to list all spells.
The spell is quite dangerous to miscast (12% risk of failure)!
Continue anyway?
Aiming: Fulminant Prism (quite dangerous; 12% risk of failure)
Press: ? - help, Dir - move target You conjure a prism of explosive energy!
A fulminant prism comes into view.
Your fulminant prism crackles loudly.
Your fulminant prism explodes!
You see here a +0 mace.
You start resting.
A cyclops is nearby!
There is an open door here.
The cyclops throws a large rock.
The large rock hits you!!!
Ouch! That really hurt!
* * * LOW HITPOINT WARNING * * *
You close the door.
Casting: Fulminant Prism (quite dangerous; 12% risk of failure)
Confirm with . or Enter, or press ? or * to list all spells.
The spell is quite dangerous to miscast (12% risk of failure)!
Continue anyway?
Aiming: Fulminant Prism (quite dangerous; 12% risk of failure)
Press: ? - help, Dir - move target You miscast Fulminant Prism.
You are very lightly contaminated with residual magic.
The air around you crackles with energy!
You die...

........##........# ##.#
###.###########...## #..#
#.#### ##.....## ###.##
#.##.### ##.......## ##.#.#
#....(.###.........####....####
##.................'...........
#.....###.........####........
##.....###........## #..#.###.
##.(.....##.#..@..## ##.##.# #.
#.........#.##...## #.....# #.
##.......##.###+## #..#### #.
##.....###.# #.# #..# #.
#.........# #)# #..######.
###.#########.## #......... #.#
####..C#### #.########
#.#####.........# #.#
#............##.# #.#


There were no monsters in sight!

Vanquished Creatures
  2 black bears
  A scorpion (D:6)
  A water moccasin zombie (D:5)
  8 wights (D:6)
  A centaur zombie (D:6)
  An orc priest (D:2)
  An iguana (D:6)
  2 centaur skeletons (D:6)
  Terence (D:2)
  4 orc wizards
  A killer bee zombie (D:6)
  2 hound skeletons
  Robin (D:4)
  6 adders
  4 gnolls
  A howler monkey skeleton (D:5)
  A shadow imp (D:6)
  3 ufetubi
  3 worms
  3 dart slugs
  12 orcs
  6 endoplasms
  2 giant cockroaches (D:2)
  7 hobgoblins
  8 jackals
  2 quokkas
  5 ball pythons
  3 bats
  A frilled lizard (D:1)
  12 goblins
  15 kobolds
  9 rats
129 creatures vanquished.

Vanquished Creatures (others)
  23 fulminant prisms
23 creatures vanquished.

Grand Total: 152 creatures vanquished

Notes
Turn   | Place    | Note
-------+----------+-------------------------------------------
     0 | D:1      | KamiKatze the Octopode Conjurer began the quest for the
                  | Orb.
     0 | D:1      | Reached XP level 1. HP: 11/11 MP: 3/3
   188 | D:1      | Reached XP level 2. HP: 17/17 MP: 1/5
   191 | D:1      | Learned a level 2 spell: Searing Ray
   357 | D:1      | Reached skill level 1 in Translocations
   380 | D:1      | Reached XP level 3. HP: 21/21 MP: 1/6
   526 | D:1      | Reached skill level 1 in Hexes
   935 | D:2      | Reached XP level 4. HP: 17/27 MP: 2/7
  1459 | D:2      | Noticed Terence
  1476 | D:2      | Killed Terence
  1477 | D:2      | Reached XP level 5. HP: 31/31 MP: 1/9
  2120 | D:3      | Learned a level 4 spell: Fulminant Prism
  2410 | D:3      | Found a faded altar of an unknown god.
  2734 | D:3      | Found Jiypn's Armour Boutique.
  2804 | D:2      | Reached XP level 6. HP: 36/36 MP: 5/10
  3050 | D:4      | Noticed Robin
  3385 | D:4      | Killed Robin
  3883 | D:4      | Found a runed translucent door.
  3883 | D:4      | Noticed maxonian's ghost (amateur OpCj)
  4026 | D:4      | Noticed a black bear
  4278 | D:5      | Entered Level 5 of the Dungeon
  4323 | D:5      | Reached skill level 5 in Conjurations
  5099 | D:5      | Learned a level 4 spell: Iskenderun's Mystic Blast
  5334 | D:6      | Reached XP level 7. HP: 31/41 MP: 3/12
  6217 | D:6      | Reached XP level 8. HP: 46/46 MP: 3/14
  6464 | D:6      | Noticed a cyclops
  7062 | D:6      | Reached skill level 6 in Conjurations
  7224 | D:6      | Killed by miscasting Fulminant Prism

Illustrated notes

Levels and vault maps discovered:
D:1:      dpeg_arrival_tiny_g, layout_rooms
D:2:      cheibrodos_pilgrimage, layout_basic, uniq_terence
D:3:      layout_rooms, basic_ecumenical_altar, serial_shops, shop
D:4:      layout_layer_cave, hellmonk_ghost_happy_afterlife, uniq_robin
D:5:      layout_gridville, minmay_misc_feat_doors,
          hangedman_decor_clover_reticule, minmay_misc_feat_ornament
D:6:      layout_loops_corners

Skill      XL: |  1  2  3  4  5  6  7  8 |
---------------+-------------------------+-----
Translocations | 1 2 3 4 |  4.5
Stealth        | 3 |  3.0
Hexes          | 1 2 3 4 |  4.5
Spellcasting   | 3 4 |  4.7
Conjurations   | 5 6 |  6.1
Dodging        | 3 |  3.0

Action                   |  1- 3 |  4- 6 |  7- 9 || total
-------------------------+-------+-------+-------++-------
Melee: Short sword       |     1 |       |       ||     1
       Whip              |     9 |    26 |     4 ||    39
       Constrict         |     3 |     5 |       ||     8
       Tentacles         |     2 |     3 |     2 ||     7
Throw: Dart              |       |       |     4 ||     4
 Cast: Magic Dart        |    32 |    94 |    19 ||   145
       Searing Ray       |     4 |    20 |     9 ||    33
       Fulminant Prism   |       |     7 |    16 ||    23
       Iskenderun's Myst |       |       |     1 ||     1
  Use: Scroll            |       |     1 |     1 ||     2
 Stab: Sleeping          |       |     1 |       ||     1
Armor: Skin              |     2 |     5 |     4 ||    11
Dodge: Dodged            |    10 |    31 |    13 ||    54
